 Dungeon Crawl Stone Soup version 0.28-a0-1524-ge72afd5fc6 (webtiles) character file.

Game seed: 2123759438584800570

8 knot the Chopper (level 2, 20/24 HPs)
             Began as a Demonspawn Berserker on Jan 18, 2022.
             Was a Follower of Trog.
             Quit the game on level 1 of the Dungeon.
             The game lasted 00:00:12 (423 turns).

knot the Chopper (Demonspawn Berserker)              Turns: 423, Time: 00:00:14

Health: 20/24      AC:  2    Str: 17    XL:     2   Next: 0%
Magic:  2/2        EV: 12    Int:  8    God:    Trog [*.....]
Gold:   8          SH:  0    Dex: 12    Spells: 1/1 levels left

rFire   . . .      SeeInvis .   a - +0 hand axe
rCold   . . .      Faith    .   (no shield)
rNeg    . . .      Spirit   .   b - +0 animal skin
rPois   .          Reflect  .   (no helmet)
rElec   .          Harm     .   (no cloak)
rCorr   .          Rampage  .   (no gloves)
Will    .....                   (no boots)
Stlth   +.........              (no amulet)
HPRegen 0.08/turn               (no ring)
MPRegen 0.08/turn               (no ring)

@: no status effects
A: powered by pain 1
a: Renounce Religion, Berserk


You were on level 1 of the Dungeon.
You worshipped Trog.
Trog was aware of your devotion.
You visited 1 branch of the dungeon, and saw 1 of its levels.

You collected 8 gold pieces.

Inventory:

Hand Weapons
 a - a +0 hand axe (weapon)
Armour
 b - a +0 animal skin (worn)


   Skills:
 - Level 3.0 Fighting
 + Level 3.2 Axes
 - Level 1.7 Armour
 - Level 1.7 Dodging


You had one spell level left.
You didn't know any spells.
Your spell library was empty.

Dungeon Overview and Level Annotations

Branches:
Dungeon (1/15)

Altars:


Innate Abilities, Weirdness & Mutations

You sometimes gain a little power by taking damage.


Message History

You feel yourself slow down.
You start resting.
Magic restored.
You start resting.
You feel yourself speed up.
You start resting.
You recover from your berserk rage.
HP restored.
Things that are here:
a +2 antimagic dagger; a kobold corpse
Found 20 arrows.
You now have 8 gold pieces.
You open the door.
A ball python comes into view.
A bat comes into view.
The ball python hisses angrily.
An endoplasm comes into view.
There is an open door here.
The bat hits you.
The endoplasm quivers.
You hit the bat but do no damage. The bat closely misses you.
The ball python barely misses you. The ball python grabs you.
The ball python constricts you.
You hit the ball python.
You kill the ball python!
Trog accepts your kill. The bat hits you. The bat barely misses you.
You hit the endoplasm.
The endoplasm is severely wounded.
You barely miss the bat. The bat hits you but does no damage. x2
The endoplasm hits you.
You hit the endoplasm.
You kill the endoplasm!
Trog accepts your kill.
You miss the bat. The bat hits you.
You have reached level 2!
Your demonic ancestry asserts itself...
You feel energised by your suffering.
Are you sure you want to abandon this character and quit the game? (Confirm with "yes".)

#.##...#.# #.## ########.##).##.#
#..# #..........†.##.# ##.#
#.######........# #.# #.#
#####+#### #.# #.# ##...# #.#
##.## ##.....## ### #)# #...##
#.......## ##.###.#
.....####.......@.####...##.#####
#.......+.......b.'..............
.#...####.........####...##..##..
###..# #.......## ##.##...# #
##.# ##.....## #....#.# ###..#
##...# #..#...# .#.#.# ##+#
#..###.# .....### #.# #..###.#
.......# #.# #..(...#


You could see a bat.

Vanquished Creatures
  2 ball pythons (D:1)
  An endoplasm (D:1)
  A giant cockroach (D:1)
  A goblin (D:1)
  A quokka (D:1)
  A kobold (D:1)
7 creatures vanquished.

Notes
Turn   | Place    | Note
-------+----------+-------------------------------------------
     0 | D:1      | knot the Demonspawn Berserker began the quest for the Orb.
     0 | D:1      | Reached XP level 1. HP: 18/18 MP: 1/1
   423 | D:1      | Gained mutation: You sometimes gain a little power by
                  | taking damage. [demonic ancestry]
   423 | D:1      | Reached XP level 2. HP: 20/24 MP: 2/2
   423 | D:1      | Quit the game

Illustrated notes

Levels and vault maps discovered:
D:1:      beargit_arrival_greenhouse, layout_loops_corners, nrook_mini_vaults,
          minivault_5

Skill      XL: |  1 |
---------------+----+-----
Axes           | 3 |  3.2
Fighting       | |  3.0
Armour         | |  1.7
Dodging        | |  1.7

Action                   || total
-------------------------++-------
Melee: Hand axe          ||    20
Invok: Berserk           ||     1
Armor: Animal skin       ||     4
Dodge: Dodged            ||    13

Table legend: (Time is in decaauts)
 A = Elapsed time spent in this place.
 B = Non-inter-level travel time spent in this place.
 C = Inter-level travel time spent in this place.
 D = Time resting spent in this place.
 E = Time spent auto-exploring this place.
 F = Levels seen in this place.
 G = Mean time per level.
                   A        B        C        D        E       F      G
               +--------+--------+--------+--------+--------+-----+--------+
         Total |    434 |    434 |      0 |     44 |    345 |   1 |  434.0 |
       Dungeon |    434 |    434 |      0 |     44 |    345 |   1 |  434.0 |
               +--------+--------+--------+--------+--------+-----+--------+

Top non-repeatable levels by time:
     D:1: 434 daAuts
